[Event "Titled Tuesday Blitz November 08 Early 2022"]
[White "Ter-Sahakyan, Samvel"]
[Black "Krzyzanowski, Marcin"]
[WhiteFideId "13302531"]
[BlackFideId "1132199"]
[WhiteElo "2584"]
[BlackElo "2435"]
[Result "1/2-1/2"]
[Round "05"]
[TimeControl "180+1"]
[Date "2022.11.08"]
[WhiteClock "0:00:42"]
[BlackClock "0:00:09"]

1. d4 Nf6 2. c4 d6 3. Nc3 e5 4. Bg5 Be7 5. e3 O-O 6. Nf3 h6 7. Bh4 exd4 8. Nxd4 Nc6 9. Be2 Nxd4 10. Qxd4 Be6 11. O-O Nd7 12. Bxe7 Qxe7 13. Rac1 Rfe8 14. Rfd1 a5 15. Nd5 Bxd5 16. cxd5 Nc5 17. Bb5 Red8 18. b3 f5 19. Bc4 Rf8 20. Qxc5 dxc5 21. d6+ Qf7 22. dxc7 Qxc4 23. Rxc4 b6 24. Rd6 Rf6 25. Rxf6 gxf6 26. Rf4 Rc8 27. Rxf5 Kg7 28. Kf1 Rxc7 29. Ke2 c4 30. bxc4 Rxc4 31. Rb5 Rc2+ 32. Kf3 Rxa2 33. g4 Rc2 34. Rxb6 Rc5 35. Ra6 h5 36. h3 hxg4+ 37. hxg4 Kg6 38. Kg3 Rb5 39. f4 Kg7 40. Kf3 Rc5 41. f5 Rb5 42. Kf4 Rb4+ 43. e4 a4 44. Ra8 Kh6 45. Ra7 Rc4 46. Ra6 Kg7 47. Re6 Rc1 48. g5 Rf1+ 49. Ke3 fxg5 50. Ra6 Ra1 51. e5 a3 52. Ra7+ Kh6 53. Kf2 a2 54. Kg2 Re1 55. Rxa2 Rxe5 56. Rf2 Kg7 57. Ra2 Kf6 58. Ra3 Kxf5 59. Ra2 Kg4 60. Rb2 Re4 61. Ra2 Kh4 62. Rb2 g4 63. Ra2 Re3 64. Rb2 Rg3+ 65. Kh2 Rh3+ 66. Kg2 Rg3+ 67. Kh2 Rh3+ 68. Kg2 Rg3+ 1/2-1/2


[Site "https://www.chess.com"]

[Event "Titled Tuesday Blitz November 08 Early 2022"]
[White "Terry, Renato"]
[Black "Orozbaev, Eldiar"]
[WhiteFideId "3803457"]
[BlackFideId "13802240"]
[WhiteElo "2577"]
[BlackElo "2244"]
[Result "0-1"]
[Round "05"]
[TimeControl "180+1"]
[Date "2022.11.08"]
[WhiteClock "0:00:40"]
[BlackClock "0:00:46"]

1. d4 Nf6 2. Bg5 c6 3. e3 Qa5+ 4. Nd2 Qxg5 5. Ngf3 Qa5 6. Bd3 d5 7. O-O Bg4 8. h3 Bxf3 9. Nxf3 Nbd7 10. c4 Qc7 11. cxd5 cxd5 12. Rc1 Qb6 13. Qa4 e6 14. Ne5 Qb4 15. Qc2 Nxe5 16. dxe5 Nd7 17. Qe2 Be7 18. Rc7 Qb6 19. Rfc1 Nc5 20. Bb5+ Kf8 21. Rxe7 Kxe7 22. b4 Ne4 23. Qg4 Qxb5 24. Rc7+ Kf8 25. Qf4 Qe8 26. f3 Nd2 27. Qd4 Nc4 28. Qc5+ Kg8 29. Rxb7 h6 30. e4 Kh7 31. exd5 exd5 32. Qxd5 Nxe5 33. f4 Ng6 34. Rxf7 Qe3+ 35. Kh2 Rhf8 36. f5 Qe5+ 37. Qxe5 Nxe5 0-1


[Site "https://www.chess.com"]

[Event "Titled Tuesday Blitz November 08 Early 2022"]
[White "Terzi, Alexei"]
[Black "Storey, Charles H"]
[WhiteFideId "13505076"]
[BlackFideId "406686"]
[WhiteElo "2172"]
[BlackElo "2252"]
[Result "0-1"]
[Round "05"]
[TimeControl "180+1"]
[Date "2022.11.09"]
[WhiteClock "0:00:04"]
[BlackClock "0:00:08"]

1. e4 g6 2. d4 Bg7 3. Nc3 c5 4. Nf3 Qa5 5. Bc4 cxd4 6. Nxd4 Qc5 7. Bxf7+ Kxf7 8. Nde2 Bxc3+ 9. Nxc3 Nf6 10. Be3 Qa5 11. O-O b6 12. f4 Ba6 13. Rf2 Rc8 14. e5 Rxc3 15. bxc3 Ne4 16. Rf3 e6 17. Bd4 Nc6 18. Rh3 Kg8 19. Qf3 Nxd4 20. Qxe4 Ne2+ 21. Kh1 Rf8 22. Rf1 Nxc3 23. Qe1 Bxf1 24. Qxf1 Nd5 25. Rf3 Qd2 26. Rf2 Rxf4 27. Rxf4 Nxf4 28. c4 Nd3 29. h3 Nxe5 30. Qf6 Qe1+ 31. Kh2 Qe3 32. Kh1 Nf7 33. Qe7 Qe1+ 34. Kh2 Qe5+ 35. Kh1 Qd6 36. Qf6 Qe5 37. Qe7 Qd4 38. Qe8+ Kg7 39. Qe7 a5 40. a4 Qd1+ 41. Kh2 Qxa4 42. Qh4 Qc6 43. Qd4+ e5 44. Qd3 Qe6 45. Qe4 Ng5 46. Qe3 Qf5 47. Qxb6 Qf4+ 48. Kh1 Ne4 49. Qd6 Qc1+ 50. Kh2 Qf4+ 51. Kh1 Nxd6 0-1


[Site "https://www.chess.com"]

[Event "Titled Tuesday Blitz November 08 Early 2022"]
[White "Thomforde-Toates, Noah"]
[Black "Omariev, Maksim"]
[WhiteFideId "30951992"]
[BlackFideId "4193423"]
[WhiteElo "2617"]
[BlackElo "2413"]
[Result "1-0"]
[Round "05"]
[TimeControl "180+1"]
[Date "2022.11.09"]
[WhiteClock "0:00:11"]
[BlackClock "0:00:01"]

1. d4 d5 2. Nc3 Nf6 3. Bf4 Bf5 4. f3 e6 5. g4 Bg6 6. h4 h5 7. g5 Nfd7 8. e4 Nb6 9. Nge2 c5 10. Ng3 Nc6 11. Bb5 Rc8 12. O-O Qd7 13. exd5 Nxd5 14. Nxd5 Qxd5 15. Be5 cxd4 16. Bxc6+ Rxc6 17. Bxd4 Bxc2 18. Qd2 Rc4 19. Rac1 Bb4 20. Qe3 Rxd4 21. Rxc2 Bc5 22. Kg2 O-O 23. Ne4 Bb6 24. Qe2 Rd8 25. Rfc1 Qf5 26. Rc8 Qf4 27. Rxd8+ Rxd8 28. Rd1 Rxd1 29. Qxd1 Qxh4 30. g6 fxg6 31. Qb3 1-0


[Site "https://www.chess.com"]

[Event "Titled Tuesday Blitz November 08 Early 2022"]
[White "Tifferet, Shaked"]
[Black "Boyer, Mahel"]
[WhiteFideId "2811529"]
[BlackFideId "45102422"]
[WhiteElo "2142"]
[BlackElo "2454"]
[Result "1-0"]
[Round "05"]
[TimeControl "180+1"]
[Date "2022.11.09"]
[WhiteClock "0:00:07"]
[BlackClock "0:00:03"]

1. d4 d5 2. c4 c6 3. Nf3 Nf6 4. Nc3 e6 5. e3 Nbd7 6. Qc2 Bd6 7. b3 O-O 8. Bb2 b6 9. Rd1 Bb7 10. Bd3 c5 11. cxd5 exd5 12. O-O Re8 13. Bf5 Nf8 14. dxc5 bxc5 15. Na4 d4 16. Nd2 Nd5 17. Nc4 Ng6 18. Nxd6 Qxd6 19. Qxc5 Qf6 20. e4 Ndf4 21. Rfe1 Nh4 22. Re3 Nhxg2 23. Rg3 Re5 24. Bxd4 Rxc5 25. Bxf6 Rxf5 26. Rxg7+ Kf8 27. exf5 Nh3+ 28. Kf1 Ngf4 29. Rd7 Ba6+ 30. Ke1 Nd3+ 31. Kd2 Ke8 32. Re7+ Kd8 33. Rg8# 1-0


[Site "https://www.chess.com"]

[Event "Titled Tuesday Blitz November 08 Early 2022"]
[White "Timofeev, Artyom"]
[Black "Lewtak, Damian"]
[WhiteFideId "4140419"]
[BlackFideId "1141724"]
[WhiteElo "2586"]
[BlackElo "2329"]
[Result "0-1"]
[Round "05"]
[TimeControl "180+1"]
[Date "2022.11.09"]
[WhiteClock "0:00:12"]
[BlackClock "0:00:18"]

1. e4 g6 2. d4 Bg7 3. Nc3 a6 4. Bf4 b5 5. Qd2 Bb7 6. O-O-O d6 7. f3 Nd7 8. Kb1 Nb6 9. Qf2 b4 10. Nce2 a5 11. Nc1 Ba6 12. Bxa6 Rxa6 13. Qf1 Qa8 14. h4 Nf6 15. Nge2 a4 16. g4 h5 17. g5 Nfd7 18. Nd3 b3 19. a3 bxc2+ 20. Kxc2 Nc4 21. Nb4 Ra5 22. Nc3 Ndb6 23. Ncd5 O-O 24. Nxe7+ Kh7 25. Nec6 Rb5 26. Qd3 Qe8 27. Rh2 Qe6 28. Kc1 f5 29. Re2 fxe4 30. Rxe4 Qh3 31. Kb1 d5 32. Re7 Rxf4 33. Nd8 Rxf3 34. Qc2 Rb3 35. Ne6 Nxa3+ 36. Ka2 Nxc2 37. Rxg7+ Kh8 0-1


[Site "https://www.chess.com"]

[Event "Titled Tuesday Blitz November 08 Early 2022"]
[White "Todev, Simeon"]
[Black "Estrada Nieto, Julian"]
[WhiteFideId "2925133"]
[BlackFideId "5101018"]
[WhiteElo "1938"]
[BlackElo "2221"]
[Result "0-1"]
[Round "05"]
[TimeControl "180+1"]
[Date "2022.11.09"]
[WhiteClock "0:00:03"]
[BlackClock "0:00:07"]

1. e4 e5 2. Nf3 Nc6 3. d4 exd4 4. Bc4 Bc5 5. O-O d6 6. a3 a5 7. Nbd2 Nf6 8. Nb3 O-O 9. e5 Nd7 10. exd6 cxd6 11. Nbxd4 Nxd4 12. Nxd4 Ne5 13. Bb3 Qf6 14. Be3 Ng4 15. Qd2 Bd7 16. Bd5 Qe5 17. Nf3 Bxe3 18. Nxe5 Bxd2 19. Nxd7 Rfd8 20. Bxb7 Ra7 21. Bc6 Raxd7 22. Bxd7 Rxd7 23. Rfd1 Bf4 24. h3 Nf6 25. b4 Be5 26. Rab1 Ne4 27. Rd3 axb4 28. axb4 g6 29. b5 Rb7 30. b6 Nc3 31. Rb4 d5 32. f4 Bf6 33. Re3 d4 34. Re8+ Kg7 35. Rc8 Nd5 36. Rb5 Nxb6 37. Rc6 Bd8 38. Rd6 Bc7 39. Rxd4 Ra7 40. Rc5 Na4 41. Rxc7 Rxc7 42. Rxa4 Rxc2 43. Ra6 h5 44. g3 Kh6 45. Ra7 f6 46. Ra6 f5 47. Re6 Rd2 48. h4 Kg7 49. Ra6 Re2 50. Kf1 Re4 51. Ra3 Kf6 52. Kf2 Re6 53. Kf3 Ke7 54. Ra7+ Kd6 55. Rg7 Kd5 56. Rd7+ Kc4 57. Rd2 Kc3 58. Rd8 Re1 59. Kf2 Re6 60. Rd7 Rc6 61. Ke3 Kb3 62. Kd4 Rc4+ 63. Ke5 Rc3 64. Rb7+ Kc2 65. Ra7 Rxg3 66. Ra2+ Kb3 67. Rf2 Rg4 68. Kf6 Kc3 69. Rf3+ Kd4 70. Rf1 Ke4 71. Rf2 Rxf4 72. Rg2 Rg4 73. Re2+ Kf3 74. Ra2 Kg3 75. Ra3+ Kxh4 76. Ke5 f4 77. Rf3 Kg5 78. Ke4 h4 79. Rf1 h3 80. Kf3 Rh4 81. Rh1 h2 82. Kg2 Kf5 83. Kf3 Rh3+ 84. Kg2 Rh5 85. Kf3 g5 86. Kg2 g4 87. Kf2 g3+ 88. Kf3 Rh4 89. Kg2 Kg4 90. Rf1 f3+ 0-1


[Site "https://www.chess.com"]

[Event "Titled Tuesday Blitz November 08 Early 2022"]
[White "Tokhirjonova, Gulrukhbegim"]
[Black "Vaibhav Jayant Raut"]
[WhiteFideId "14203626"]
[BlackFideId "5089034"]
[WhiteElo "2236"]
[BlackElo "2147"]
[Result "1-0"]
[Round "05"]
[TimeControl "180+1"]
[Date "2022.11.09"]
[WhiteClock "0:01:16"]
[BlackClock "0:00:02"]

1. e4 c5 2. Nf3 e6 3. d4 cxd4 4. Nxd4 a6 5. c4 Ne7 6. Nc3 Nbc6 7. Be2 g6 8. Be3 Bg7 9. O-O O-O 10. Kh1 f5 11. exf5 Nxf5 12. Nxf5 gxf5 13. Qd2 Qh4 14. Rad1 f4 15. Bc5 Rf5 16. g3 Qh6 17. Bd6 fxg3 18. fxg3 Qxd2 19. Rxd2 Rxf1+ 20. Bxf1 b6 21. Na4 Bb7 22. Nxb6 Rd8 23. Bg2 Bd4 24. Rxd4 Nxd4 25. Bxb7 Nf5 26. Bc7 Rf8 27. Bxa6 Ne3 28. Bf4 Nd1 29. Nxd7 Ra8 30. Nc5 Nxb2 31. Kg2 Na4 32. Bb7 Ra7 33. Nxa4 Rxa4 34. c5 Rxa2+ 35. Kf3 Ra3+ 36. Ke4 Kf7 37. c6 e5 38. Bxe5 Ra4+ 39. Kf5 h5 40. c7 h4 41. c8=Q hxg3 42. Bd5+ Ke7 43. Bf6+ Kd6 44. Qc6# 1-0


[Site "https://www.chess.com"]

[Event "Titled Tuesday Blitz November 08 Early 2022"]
[White "Turzo, Attila"]
[Black "Khaliun, Batnasan"]
[WhiteFideId "704954"]
[BlackFideId "4906276"]
[WhiteElo "2522"]
[BlackElo "1752"]
[Result "1-0"]
[Round "05"]
[TimeControl "180+1"]
[Date "2022.11.09"]
[WhiteClock "0:01:18"]
[BlackClock "0:00:43"]

1. d4 d5 2. c4 c6 3. Nc3 Nf6 4. e3 e6 5. Nf3 Nbd7 6. Be2 dxc4 7. a4 Nb6 8. a5 Nbd5 9. O-O Bb4 10. Bxc4 Bxa5 11. Bd2 Bc7 12. Re1 O-O 13. e4 Nb6 14. Bb3 Nbd7 15. Bg5 Qe8 16. e5 Nd5 17. Bc2 Bd8 18. Ne4 Bxg5 19. Nfxg5 f6 20. Nxh7 Kxh7 21. Nxf6+ Kh8 22. Nxe8 Rxe8 23. Qh5+ Kg8 24. Qxe8+ Nf8 25. Ra3 1-0


[Site "https://www.chess.com"]

[Event "Titled Tuesday Blitz November 08 Early 2022"]
[White "Vidruska, Renate"]
[Black "Garic, Radomir"]
[WhiteFideId "11601841"]
[BlackFideId "920959"]
[WhiteElo "1877"]
[BlackElo "2227"]
[Result "0-1"]
[Round "05"]
[TimeControl "180+1"]
[Date "2022.11.09"]
[WhiteClock "0:00:15"]
[BlackClock "0:00:21"]

1. e4 c5 2. Nf3 Nc6 3. d4 cxd4 4. Nxd4 Qc7 5. Nc3 e6 6. f3 a6 7. Be3 Nf6 8. Qd3 Ne5 9. Qe2 Bb4 10. Bd2 O-O 11. a3 Bc5 12. Nb3 Ba7 13. O-O-O b5 14. Kb1 Bb7 15. Bf4 Nh5 16. Bc1 Nc4 17. g4 Nf6 18. g5 Nh5 19. Qd3 Rfd8 20. Nd2 Ne5 21. Qe2 Nf4 22. Qe1 Rac8 23. Nb3 Nfg6 24. f4 Nc4 25. f5 exf5 26. exf5 Bxh1 27. fxg6 hxg6 28. Bd3 Bb7 29. Ne4 d5 30. Ng3 Re8 31. Qf1 Ne3 32. Bxe3 Rxe3 33. h4 Rxg3 34. Nd2 Rg1 35. Qe2 Rxd1+ 36. Qxd1 Qg3 37. Qe2 Qd6 38. Nf3 Qd7 39. Ne5 Re8 40. Qh2 Qd6 41. Ng4 Re1+ 42. Ka2 Qxh2 43. Nxh2 d4 44. Ng4 Bd5+ 45. b3 Bc5 46. Kb2 b4 47. axb4 Bxb4 48. c4 dxc3+ 49. Kc2 Rg1 0-1


[Site "https://www.chess.com"]

[Event "Titled Tuesday Blitz November 08 Early 2022"]
[White "Vlassov, Nikolai"]
[Black "Berdychevskaya, Natasha"]
[WhiteFideId "4103360"]
[BlackFideId "4159322"]
[WhiteElo "2324"]
[BlackElo "2108"]
[Result "1/2-1/2"]
[Round "05"]
[TimeControl "180+1"]
[Date "2022.11.09"]
[WhiteClock "0:00:10"]
[BlackClock "0:00:10"]

1. e4 e5 2. Bc4 Nf6 3. d3 c6 4. Nf3 d5 5. Bb3 a5 6. Nc3 Bb4 7. a3 Bxc3+ 8. bxc3 O-O 9. Nxe5 a4 10. Ba2 dxe4 11. O-O Nbd7 12. Nxd7 Bxd7 13. Bg5 Bf5 14. d4 h6 15. Bh4 Qd6 16. c4 Rfe8 17. c5 Qf4 18. Bxf6 gxf6 19. Qc1 Qxc1 20. Rfxc1 Rad8 21. c3 e3 22. fxe3 Rxe3 23. Kf2 Rde8 24. Re1 R3e4 25. Rxe4 Bxe4 26. Re1 Kg7 27. Bb1 f5 28. g4 Rb8 29. Bxe4 fxe4 30. Rxe4 b6 31. cxb6 Rxb6 32. c4 Rb2+ 33. Re2 Rb3 34. Re3 Rb2+ 35. Kg3 Rd2 36. Re5 Rxd4 37. Rc5 Rd3+ 38. Kf4 Rxa3 39. Rxc6 Rc3 40. h4 a3 41. c5 a2 42. Ra6 Rc4+ 43. Kg3 Rc3+ 44. Kf4 Rc4+ 45. Kg3 Rc3+ 46. Kf4 1/2-1/2


[Site "https://www.chess.com"]

[Event "Titled Tuesday Blitz November 08 Early 2022"]
[White "Volkov, Maksim"]
[Black "Rottenwohrer Suarez, Juan"]
[WhiteFideId "54123070"]
[BlackFideId "32068182"]
[WhiteElo "2257"]
[BlackElo "2195"]
[Result "1-0"]
[Round "05"]
[TimeControl "180+1"]
[Date "2022.11.09"]
[WhiteClock "0:00:18"]
[BlackClock "0:00:29"]

1. d4 Nf6 2. c4 c6 3. Nf3 d5 4. e3 e6 5. Bd3 Nbd7 6. O-O Bd6 7. Nbd2 O-O 8. e4 dxe4 9. Nxe4 Nxe4 10. Bxe4 Nf6 11. Bc2 h6 12. Qd3 Qc7 13. Re1 Rd8 14. b3 c5 15. d5 e5 16. Qe2 e4 17. Bxe4 Re8 18. Qc2 Rxe4 19. Rxe4 Bf5 20. Re8+ Rxe8 21. Qxf5 Nd7 22. Bb2 Ne5 23. Nxe5 Bxe5 24. Bxe5 Rxe5 25. Qd3 Qe7 26. g3 f5 27. d6 Qd7 28. Rd1 Kh8 29. Qc3 Re6 30. Qd3 a6 31. Qd5 b6 32. Qxe6 1-0


[Site "https://www.chess.com"]

[Event "Titled Tuesday Blitz November 08 Early 2022"]
[White "Wieczorek, Oskar"]
[Black "Xiong, Jeffery"]
[WhiteFideId "1133950"]
[BlackFideId "2047640"]
[WhiteElo "2404"]
[BlackElo "2725"]
[Result "0-1"]
[Round "05"]
[TimeControl "180+1"]
[Date "2022.11.08"]
[WhiteClock "0:00:01"]
[BlackClock "0:00:35"]

1. e4 d6 2. d4 Nf6 3. f3 Nbd7 4. c4 c5 5. Ne2 g6 6. Nbc3 Bg7 7. Be3 O-O 8. Qd2 a6 9. a4 cxd4 10. Nxd4 Nc5 11. Rd1 Bd7 12. Qc2 Qa5 13. Nb3 Nxb3 14. Qxb3 Bc6 15. Qb6 Qxb6 16. Bxb6 Nd7 17. Bd4 Bxd4 18. Rxd4 a5 19. Bd3 Nb6 20. Bc2 Rfd8 21. b3 Nd7 22. Kf2 Nc5 23. Re1 Kg7 24. Ke3 g5 25. Red1 h5 26. g3 Rh8 27. h4 gxh4 28. gxh4 Rhg8 29. Nd5 Kf8 30. R4d2 Ra6 31. Nf4 Rb6 32. Nxh5 Nxb3 33. Bxb3 Rxb3+ 34. Rd3 Rxd3+ 35. Rxd3 Rh8 36. Nf4 Rxh4 37. Rc3 Bxa4 38. Ra3 Bc6 39. Rxa5 Rh1 40. Ra8+ Kg7 41. Nd3 Rb1 42. Ra2 Rb3 43. Ke2 Rc3 44. c5 Bb5 0-1


[Site "https://www.chess.com"]

[Event "Titled Tuesday Blitz November 08 Early 2022"]
[White "Wirig, Anthony"]
[Black "Aung Thant Zin"]
[WhiteFideId "615013"]
[BlackFideId "13000063"]
[WhiteElo "2487"]
[BlackElo "2278"]
[Result "1-0"]
[Round "05"]
[TimeControl "180+1"]
[Date "2022.11.09"]
[WhiteClock "0:00:40"]
[BlackClock "0:00:03"]

1. d4 Nf6 2. Bg5 e6 3. e4 h6 4. Bxf6 Qxf6 5. c3 d5 6. Nd2 c6 7. Ngf3 Nd7 8. Bd3 Qd8 9. O-O Be7 10. Re1 O-O 11. Nf1 Re8 12. Ng3 Nf8 13. e5 c5 14. dxc5 Bxc5 15. Nd4 Bxd4 16. cxd4 Bd7 17. Qg4 Qg5 18. Qxg5 hxg5 19. Rec1 Rec8 20. Kf1 f6 21. Ke2 Kf7 22. Ke3 f5 23. Ne2 Ke7 24. f4 g4 25. h3 gxh3 26. g3 Be8 27. Ng1 h2 28. Nf3 Rxc1 29. Rxc1 Rc8 30. Rh1 Bh5 31. Nxh2 g6 32. Re1 a6 33. Nf1 Nd7 34. Kd2 Bg4 35. Ne3 Bh5 36. Rg1 Nb6 37. b3 Rh8 38. Rc1 Kd7 39. a4 1-0


[Site "https://www.chess.com"]

[Event "Titled Tuesday Blitz November 08 Early 2022"]
[White "Yeremyan, Alen"]
[Black "Mosadeghpour, Masoud"]
[WhiteFideId "13308998"]
[BlackFideId "12519278"]
[WhiteElo "2159"]
[BlackElo "2393"]
[Result "0-1"]
[Round "05"]
[TimeControl "180+1"]
[Date "2022.11.09"]
[WhiteClock "0:00:11"]
[BlackClock "0:00:21"]

1. c4 e6 2. g3 Nf6 3. Bg2 d5 4. Nf3 d4 5. O-O Nc6 6. d3 Bc5 7. e3 O-O 8. e4 e5 9. Nh4 a5 10. h3 a4 11. f4 exf4 12. Bxf4 Re8 13. Nd2 a3 14. b3 Ne5 15. Ndf3 Nfd7 16. Nxe5 Nxe5 17. Nf5 Bxf5 18. exf5 c6 19. Be4 Qf6 20. g4 h6 21. Qd2 Qh4 22. Kg2 Bd6 23. Bg3 Qxg3+ 24. Kxg3 Nxc4+ 25. Qf4 Bxf4+ 26. Kxf4 Nd6 27. Rfc1 Ra5 28. Rc2 Rae5 29. Re1 g6 30. Rce2 g5+ 31. Kf3 f6 32. h4 Nb5 33. hxg5 hxg5 34. Rh2 Nd6 35. Rh6 Kg7 36. Rg6+ Kf7 37. Rh1 R8e7 38. Rh7+ Ke8 39. Rh8+ Kd7 40. Rxf6 Nxe4 41. dxe4 Rxe4 42. Rhh6 Re3+ 43. Kf2 Kc7 44. Rd6 d3 45. f6 Re2+ 46. Kf1 Re1+ 47. Kf2 R7e2+ 48. Kg3 Kxd6 0-1


[Site "https://www.chess.com"]

[Event "Titled Tuesday Blitz November 08 Early 2022"]
[White "Zainullina, Nataliya"]
[Black "Kaplan, Avi Harrison"]
[WhiteFideId "4145488"]
[BlackFideId "30934559"]
[WhiteElo "2091"]
[BlackElo "1983"]
[Result "0-1"]
[Round "05"]
[TimeControl "180+1"]
[Date "2022.11.09"]
[WhiteClock "0:00:02"]
[BlackClock "0:00:18"]

1. Nf3 c5 2. c4 Nc6 3. Nc3 g6 4. e3 Bg7 5. d4 cxd4 6. exd4 Nf6 7. d5 Nb8 8. Bf4 d6 9. Qd2 O-O 10. Bh6 e6 11. Bxg7 Kxg7 12. dxe6 fxe6 13. Be2 d5 14. O-O Nc6 15. cxd5 exd5 16. Rfd1 Be6 17. Nd4 Bg8 18. Bf3 Qd7 19. a4 Rac8 20. a5 Ne5 21. a6 b6 22. Re1 Nc4 23. Qc2 Rfe8 24. Rxe8 Rxe8 25. b3 Ne5 26. Qd2 Rc8 27. Ncb5 Nxf3+ 28. gxf3 Rc5 29. Nc3 Qc7 30. Nce2 Bf7 31. Nf4 Qe5 32. Qe3 Qxe3 33. fxe3 Rc3 34. Kf2 Nd7 35. Nfe2 Rd3 36. Rc1 Nc5 37. b4 Nxa6 38. b5 Nc5 39. Nc6 Rb3 40. Nxa7 Nd3+ 41. Kg2 Nxc1 42. Nd4 Rxe3 43. Kf2 Ra3 44. Nac6 Nd3+ 45. Ke2 Nc5 46. Nd8 Ra2+ 47. Ke3 Rxh2 48. Kf4 h6 49. Kg3 Rb2 50. N8c6 h5 0-1


[Site "https://www.chess.com"]

[Event "Titled Tuesday Blitz November 08 Early 2022"]
[White "Zaksaite, Salomeja"]
[Black "Zaragatski, Ilja"]
[WhiteFideId "12801496"]
[BlackFideId "4655192"]
[WhiteElo "2079"]
[BlackElo "2460"]
[Result "0-1"]
[Round "05"]
[TimeControl "180+1"]
[Date "2022.11.09"]
[WhiteClock "0:00:01"]
[BlackClock "0:00:01"]

1. e4 d5 2. exd5 Qxd5 3. Nc3 Qd8 4. Nf3 Bf5 5. Bc4 e6 6. O-O Nf6 7. d4 c6 8. h3 h6 9. Re1 Be7 10. Be3 O-O 11. Ne5 Nd5 12. Bd2 Nd7 13. Bb3 Nxe5 14. dxe5 Qb6 15. Qf3 Rad8 16. Nxd5 cxd5 17. c3 Bg6 18. Be3 Bc5 19. Bxc5 Qxc5 20. Rad1 b5 21. Rd4 a5 22. a3 Rb8 23. Qe3 Rfc8 24. Ra1 Bf5 25. h4 Kh7 26. Re1 b4 27. cxb4 axb4 28. a4 Kg8 29. h5 Qa5 30. Qf3 Be4 31. Qg3 Rc7 32. f3 Bf5 33. Qf4 Bc2 34. Bxc2 Rxc2 35. b3 Rb2 36. Re3 Rc8 37. Rxb4 Qa7 38. Qd4 Rc1+ 39. Kh2 Qc7 40. Qg4 Rcc2 41. Kh3 d4 0-1


[Site "https://www.chess.com"]

[Event "Titled Tuesday Blitz November 08 Early 2022"]
[White "Zhigalko, Sergei"]
[Black "Artemiev, Vladislav"]
[WhiteFideId "13502956"]
[BlackFideId "24101605"]
[WhiteElo "2662"]
[BlackElo "2802"]
[Result "0-1"]
[Round "05"]
[TimeControl "180+1"]
[Date "2022.11.08"]
[WhiteClock "0:00:01"]
[BlackClock "0:01:07"]

1. e4 c6 2. d4 d6 3. Nf3 Bg4 4. h3 Bh5 5. Be2 Nf6 6. Nc3 e6 7. O-O Be7 8. e5 dxe5 9. Nxe5 Bxe2 10. Qxe2 Qxd4 11. Rd1 Qc5 12. Bg5 Nbd7 13. Nxd7 Qxg5 14. Nxf6+ Qxf6 15. Qe3 Qg5 16. Qf3 Rd8 17. Rxd8+ Bxd8 18. Rd1 O-O 19. Ne4 Qe7 20. Qd3 Bb6 21. Qd7 Qh4 22. Re1 Rd8 23. Qxb7 f5 24. Qxc6 fxe4 25. Qxe6+ Kh8 26. Re2 e3 27. fxe3 Rd1+ 28. Kh2 Bc7+ 0-1


[Site "https://www.chess.com"]

[Event "Titled Tuesday Blitz November 08 Early 2022"]
[White "Zia, Tahsin Tajwar"]
[Black "Janaszak, Dawid"]
[WhiteFideId "10211888"]
[BlackFideId "1119206"]
[WhiteElo "2061"]
[BlackElo "2226"]
[Result "0-1"]
[Round "05"]
[TimeControl "180+1"]
[Date "2022.11.09"]
[WhiteClock "0:00:16"]
[BlackClock "0:00:19"]

1. d4 Nf6 2. c4 g6 3. Nc3 Bg7 4. e4 d6 5. Be2 O-O 6. Be3 Nbd7 7. h4 h5 8. f3 c5 9. d5 b5 10. Nxb5 Rb8 11. Rb1 Ne5 12. Qd2 a6 13. Nc3 Rb4 14. b3 e6 15. Nh3 exd5 16. cxd5 Nh7 17. Ng5 Nxg5 18. hxg5 Qa5 19. O-O f5 20. gxf6 Bxf6 21. Bg5 Rd4 22. Qe3 Bxg5 23. Qxg5 Qxc3 24. f4 Qe3+ 25. Rf2 Rxe4 26. Rf1 Bf5 27. Bxh5 Nf7 28. Qf6 Nh8 29. Qg5 Nf7 30. Qf6 gxh5 31. Qxf5 Kg7 32. Kh1 Nh8 33. Qg5+ Ng6 34. Rf3 Qd2 35. Rg3 Rf6 36. Qxh5 Rexf4 37. Rxf4 Qxf4 38. Rh3 Qf1+ 39. Kh2 Qf4+ 40. Kh1 Kf8 41. Rf3 Qc1+ 42. Kh2 Rxf3 43. Qxf3+ Qf4+ 44. Qxf4+ Nxf4 45. Kg3 Nxd5 46. Kf3 Nb4 47. a3 Nc2 48. Ke4 Nxa3 49. Kd5 Ke7 50. g4 Nb5 51. g5 Nc7+ 52. Kc6 Ne6 53. g6 Nd4+ 54. Kd5 Nb5 55. g7 Kf7 56. Kc6 Kxg7 57. Kb6 Nd4 58. Kc7 Nxb3 59. Kxd6 c4 60. Kd5 c3 61. Kc4 c2 62. Kb4 c1=Q 63. Ka4 Qa1+ 64. Kb4 a5+ 65. Kb5 a4 66. Kb4 a3 67. Ka4 Nc1 68. Kb4 Qb2+ 69. Kc4 a2 70. Kd5 a1=Q 71. Ke4 Qe5+ 72. Kf3 Qac3+ 73. Kf2 Qd2+ 74. Kf3 Qef4# 0-1


[Site "https://www.chess.com"]

[Event "Titled Tuesday Blitz November 08 Early 2022"]
[White "Ahn, Hongjin"]
[Black "Pinheiro, Iung Alicio de O."]
[WhiteFideId "13201492"]
[BlackFideId "2104350"]
[WhiteElo "2182"]
[BlackElo "2283"]
[Result "1-0"]
[Round "06"]
[TimeControl "180+1"]
[Date "2022.11.09"]
[WhiteClock "0:01:03"]
[BlackClock "0:00:01"]

1. d4 Nf6 2. c4 e6 3. Nf3 Bb4+ 4. Nc3 O-O 5. e3 b6 6. Bd3 Bb7 7. O-O Bxc3 8. bxc3 Ne4 9. Qc2 f5 10. Nd2 Qh4 11. f3 Ng5 12. c5 Nc6 13. Ba3 Rf6 14. Rf2 Rh6 15. Nf1 f4 16. e4 bxc5 17. Bxc5 d6 18. Ba3 Ne7 19. Rb1 Bc8 20. e5 Nd5 21. Qa4 Kf7 22. Qc6 Rh5 23. Qxa8 Nh3+ 24. gxh3 Rg5+ 25. Rg2 Rxg2+ 26. Kxg2 Ne3+ 27. Nxe3 fxe3 28. Rf1 Qg5+ 29. Kh1 e2 30. Bxe2 Qe3 31. Qxc8 Qxe2 32. Qd7+ 1-0


[Site "https://www.chess.com"]

[Event "Titled Tuesday Blitz November 08 Early 2022"]
[White "Akylbekov, Nasyr"]
[Black "Johnson, Ben"]
[WhiteFideId "13800353"]
[BlackFideId "2010917"]
[WhiteElo "2310"]
[BlackElo "2137"]
[Result "1-0"]
[Round "06"]
[TimeControl "180+1"]
[Date "2022.11.09"]
[WhiteClock "0:01:47"]
[BlackClock "0:00:51"]

1. e4 c5 2. Nf3 Nc6 3. Nc3 e5 4. Bc4 Be7 5. d3 d6 6. Be3 Nf6 7. O-O O-O 8. h3 Nd4 9. Nh2 Rb8 10. Ne2 b5 11. Bb3 a5 12. c3 Nxb3 13. axb3 Be6 14. Ng3 d5 15. f4 exf4 16. Bxf4 Ra8 17. e5 Nd7 18. d4 c4 19. Nf3 cxb3 20. Qxb3 Qb6 21. Ng5 a4 22. Qc2 Rfc8 23. Qxh7+ Kf8 24. Qh8# 1-0


[Site "https://www.chess.com"]

[Event "Titled Tuesday Blitz November 08 Early 2022"]
[White "Al-Tarboush, Ward"]
[Black "Moskvin, Anatoly"]
[WhiteFideId "7601450"]
[BlackFideId "24199990"]
[WhiteElo "2273"]
[BlackElo "2079"]
[Result "0-1"]
[Round "06"]
[TimeControl "180+1"]
[Date "2022.11.09"]
[WhiteClock "0:00:05"]
[BlackClock "0:00:50"]

1. e4 e5 2. Nf3 Nc6 3. Bb5 Nge7 4. O-O a6 5. Ba4 d6 6. c3 Bd7 7. d4 Ng6 8. Re1 Be7 9. Nbd2 h6 10. Nf1 Bg5 11. Ng3 Bxc1 12. Rxc1 b5 13. Bb3 Nf4 14. Bd5 Qf6 15. Nf5 Rd8 16. Ne3 Ne7 17. Bb3 c6 18. g3 Nh3+ 19. Kg2 Ng5 20. Ng1 Nxe4 21. Qc2 Ng5 22. h4 Ne6 23. dxe5 dxe5 24. Ng4 Nf4+ 25. gxf4 Bxg4 26. Rxe5 O-O 27. f3 Ng6 28. Qe4 Bf5 29. Rxf5 Qxf5 30. Qxf5 Nxh4+ 31. Kf2 Nxf5 32. Ne2 Rd2 33. Bc2 Re8 34. Bxf5 Rexe2+ 35. Kg3 Rg2+ 36. Kh4 Rh2+ 37. Bh3 Rdg2 0-1


[Site "https://www.chess.com"]

[Event "Titled Tuesday Blitz November 08 Early 2022"]
[White "Andrews, Todd"]
[Black "Aung Thant Zin"]
[WhiteFideId "2012456"]
[BlackFideId "13000063"]
[WhiteElo "2435"]
[BlackElo "2278"]
[Result "1-0"]
[Round "06"]
[TimeControl "180+1"]
[Date "2022.11.09"]
[WhiteClock "0:01:17"]
[BlackClock "0:00:06"]

1. e4 c5 2. Nf3 Nc6 3. d3 Nf6 4. g3 d5 5. Nbd2 Bg4 6. Bg2 dxe4 7. dxe4 Nxe4 8. Nxe4 Qxd1+ 9. Kxd1 Nd4 10. Ng5 h6 11. h3 Bh5 12. g4 Bg6 13. Nxd4 hxg5 14. Nb5 O-O-O+ 15. Bd2 a6 16. Nc3 e6 17. Kc1 Bd6 18. Bxg5 f6 19. Be3 b5 20. Ne4 Be7 21. a4 b4 22. Nxc5 a5 23. Nxe6 Rd6 24. Nf4 Bf7 25. Bc5 Rd7 26. Bxe7 Rxe7 27. b3 g5 28. Nd3 Re2 29. Bf3 Re7 30. Kd2 Rc7 31. Rhe1 Rd8 32. Re3 Rc3 33. Rae1 1-0


[Site "https://www.chess.com"]